AoeStats
← TadeoNeri

Arabia

509520182Analyzed
3v3 RM · 6d ago on Sep 27, 2026· 28m 0s· 6 players
Game mode
Random Map
Map size
Normal (6 player)
Population
200
Speed
Normal
Resources
Standard
Victory
Conquest
Starting age
Dark Age
Ending age
Imperial Age
RankedLock teamsTeams togetherTeam positionsShared explorationLock speedFull tech treeHidden civsTurbo modeCheats
Victory
Defeat
🇨🇱 Bulgarians · Chile
1078
+12
🇵🇪 Burgundians · Peru
1024
+14
🇨🇱 Britons · Chile
993
+16
🇲🇽 Mongols · Mexico
999
-14
🇲🇽 Franks · Mexico
978
-14
🇲🇽 Khmer · Mexico
977
-14
TadeoNeri
3:31 Loom
10:44 Feudal Age
9:45 Loom
11:12 Double-Bit Axe
11:41 Horse Collar
15:53 Wheelbarrow
18:17 Scale Barding Armor
18:23 Forging
23:00 Bloodlines
emanuel.h15
9:57 Feudal Age
10:46 Loom
24:45 Castle Age
23:29 Fletching
luigibros55
6:34 Loom
11:38 Feudal Age
18:58 Town Watch
25:30 Castle Age
25:58 Double-Bit Axe
Shaggy
7:11 Loom
9:08 Feudal Age
14:11 Fletching
17:17 Padded Archer Armor
19:48 Double-Bit Axe
22:53 Castle Age
23:07 Crossbowman
23:53 Bodkin Arrow
nofear090689
5:50 Loom
6:40 Double-Bit Axe
10:20 Feudal Age
11:38 Man-at-Arms
18:57 Forging
20:26 Scale Mail Armor
23:44 Castle Age
22:41 Bow Saw
23:14 Horse Collar
23:56 Cavalier
27:43 Heavy Plow
zesar434
7:34 Loom
9:49 Feudal Age
10:47 Double-Bit Axe
21:27 Castle Age
20:08 Scale Barding Armor
20:50 Gold Mining
20:58 Stone Mining
21:56 Horse Collar
22:58 Chain Barding Armor
25:40 Heavy Plow
26:55 Wheelbarrow
28:33 Forging
Connection lost

Rejoining the realm…

Still unreachable

The connection could not be restored.

Session expired

The server has moved on; the page needs a fresh start.